cohdb
Replays
Latest Replays
All Replays
Popular Replays
Top Player Replays
Match Explorer
How It Works
Community
CoH3 Stats
Reddit
Sign in to upload your games and track your stats! →
Sign in with Steam
Match 46799780
Unlisted
Match 46799780
Overview
Messages
Build Orders
End
Construct Barracks
Riflemen Squad
Riflemen Squad
Construct Weapon Support Center
M1919 Machine Gun Team
Mechanized Support Center
M3 Armored Personnel Carrier
M3 Armored Personnel Carrier
1⁄4-ton 4x4 Truck
Designate Forward Repair Station
M3 Armored Personnel Carrier
Selects Special Operations Battlegroup
Selects M29 Weasel Recon Vehicle
Selects Mark Vehicle
M1918 Browning Automatic Rifles
Construct Medical Station
Mark Vehicle
M3 Armored Personnel Carrier
M3 Armored Personnel Carrier
Improvised Armor
Selects M4A1 Sherman Whizbang
M4A1 Sherman Whizbang
Mark Vehicle
Boneless
Arwootarch
BazookaJoe
R.U.C
Ismachu
MMMerVVV
0
0
Comments
sign in to comment!
No comments posted yet!